 Dungeon Crawl Stone Soup version 0.18-a0-775-g4d9e04e (webtiles) character file.

32 tof the Skirmisher (level 3, -3/34 HPs)
             Began as a Minotaur Chaos Knight on Dec 13, 2015.
             Incinerated by a mottled dragon (6 damage)
             ... with a sticky flame
             ... on level 2 of the Dungeon.
             The game lasted 00:05:08 (1129 turns).

tof the Skirmisher (Minotaur Chaos Knight)          Turns: 1129, Time: 00:05:08

Health: -3/34      AC:  5    Str: 16    XL:     3   Next: 8%
Magic:  2/2        EV: 11    Int:  9    God:    Xom [....*.]
Gold:   172        SH:  0    Dex: 10    Spells: 0 memorised, 2 levels left

rFire  . . .     SeeInvis .     a - +0 falchion (chaos)
rCold  . . .     Clarity  .     b - +2 leather armour
rNeg   . . .     SustAt   .     (no shield)
rPois  .         Gourm    .     (helmet restricted)
rElec  .         Spirit   .     (no cloak)
rCorr  .         Dismiss  .     (no gloves)
rMut   .         Stasis   .     (no boots)
MR     +....                    (no amulet)
Stlth  +.........               (no ring)
                                g - ring of protection from magic

@: liquid flames, glowing, somewhat resistant to hostile enchantments, very
unstealthy
A: retaliatory headbutt, horns 2
a: Renounce Religion


You were on level 2 of the Dungeon.
You worshipped Xom.
You were a beloved toy of Xom.
You were not hungry.

You visited 1 branch of the dungeon, and saw 2 of its levels.

You collected 172 gold pieces.

Inventory:

Hand Weapons
 a - a +0 falchion of chaos (weapon)
Armour
 b - a +2 leather armour (worn)
 d - a +0 ring mail
Jewellery
 g - a ring of protection from magic (left hand)
Scrolls
 e - 3 scrolls of remove curse
Comestibles
 c - 2 bread rations
 f - a chunk of flesh


   Skills:
 + Level 4.3 Fighting
 + Level 4.1 Long Blades
 + Level 2.7 Armour
 + Level 1.3 Dodging
 + Level 0.5 Stealth


You had 2 spell levels left.
You didn't know any spells.

Dungeon Overview and Level Annotations

Branches:
Dungeon (2/15)

Altars:


Innate Abilities, Weirdness & Mutations

You reflexively headbutt those who attack you in melee.
You have a pair of horns on your head.


Message History

The mottled dragon is lightly wounded.
The mottled dragon bites you. The mottled dragon claws you.
You hit the mottled dragon but do no damage.
The mottled dragon is lightly wounded.
The mottled dragon breathes sticky fire at you.
The sticky flame hits you!
You are covered in liquid flames!
You hear an angry hiss.
You closely miss the mottled dragon.
Your headbutt misses the mottled dragon.
The mottled dragon is lightly wounded.
You are covered in liquid flames!
The mottled dragon bites you.
* * * LOW HITPOINT WARNING * * *
The mottled dragon claws you but does no damage.
You are covered in liquid flames!
* * * LOW HITPOINT WARNING * * *
You are covered in liquid flames!
You die...
Xom thinks this is hilarious!

###########
#.....!.... ###
#.# #.. #..... #.#
#.#### #.#########
..#
.######.#........
... .......D.@#
##.# ######)###
#.# ##...## #..
##.....##
####.......#####
#................#
######.......###.#
##.....## #.#
#.<...##


You could see a mottled dragon shaped shifter.

Vanquished Creatures
  A giant gecko (D:1)
  2 giant cockroaches
  4 hobgoblins
  5 bats
  3 giant newts
  3 goblins (D:1)
  4 kobolds (D:1)
  11 rats
33 creatures vanquished.

Notes
Turn   | Place    | Note
--------------------------------------------------------------
     0 | D:1      | tof the Minotaur Chaos Knight began the quest for the Orb.
     0 | D:1      | Reached XP level 1. HP: 19/19 MP: 0/0
   106 | D:1      | XOM: divination: detect items
   116 | D:1      | XOM: silly message
   137 | D:1      | XOM: harmless Necr miscast
   165 | D:1      | Reached XP level 2. HP: 25/27 MP: 1/1
   231 | D:1      | Reached skill level 4 in Fighting
   478 | D:1      | XOM: harmless Trmt miscast
   493 | D:1      | XOM: silly message
   664 | D:1      | XOM: harmless Fire miscast
   743 | D:2      | Reached XP level 3. HP: 33/33 MP: 2/2
   746 | D:2      | XOM: harmless Pois miscast
   749 | D:2      | XOM: 2-stop teleportation journey
   862 | D:2      | XOM: god gift: 52 gold pieces
  1125 | D:2      | Noticed a mottled dragon
  1125 | D:2      | a worm changed into a mottled dragon
  1129 | D:2      | Incinerated by a mottled dragon

Vault maps used:
D:1:      sevenhm_arrival_forest_fort_large_4, minmay_rat_gold_closets
D:2:      uniq_natasha

Action                   || total
-------------------------++-------
Melee: Falchion          ||    68
  Use: Potion            ||     3
       Scroll            ||     2
 Stab: Petrifying        ||     1
  Eat: Bread ration      ||     1
